AoeStats
← Ux'La Diabla

Nomad

503741523Analyzed
4v4 RM · 1mo ago on Sep 2, 2026· 36m 27s· 8 players
Game mode
Random Map
Map size
231×231
Population
200
Speed
Normal
Resources
Standard
Victory
Conquest
Starting age
Dark Age
Ending age
Imperial Age
RankedLock teamsTeams togetherTeam positionsShared explorationLock speedFull tech treeHidden civsTurbo modeCheats
Victory
Defeat
🇵🇪 Inca · Peru
1788
+9
🇨🇱 Italians · Chile
1651
+15
🇲🇽 Persians · Mexico
1616
+17
🇺🇸 Dravidians · United States
1595
+18
🇨🇳 Magyars · China
1651
-15
🇦🇷 Vietnamese · Argentina
1650
-15
🇵🇪 Franks · Peru
1648
-15
🇨🇳 Mongols · China
1600
-13
小白
3:33 Loom
16:36 Feudal Age
19:45 Wheelbarrow
19:47 Bloodlines
20:25 Scale Barding Armor
26:10 Castle Age
24:49 Double-Bit Axe
31:13 Castle Age
enzoyin68
14:26 Feudal Age
15:57 Town Watch
15:59 Loom
16:05 Double-Bit Axe
18:51 Castle Age
17:41 Wheelbarrow
17:37 Stone Mining
17:53 Gold Mining
18:09 Fishing Lines
18:23 Fletching
18:48 Town Watch
20:13 Bow Saw
20:00 Bodkin Arrow
22:37 Padded Archer Armor
26:09 Ballistics
26:05 Horse Collar
32:04 Wheelbarrow
35:00 Imperial Age
34:37 Hand Cart
34:46 Hand Cart
35:02 Leather Archer Armor
35:45 Bracer
36:13 Conscription
Longbow
5:08 Loom
13:10 Feudal Age
14:31 Loom
18:08 Castle Age
27:02 Town Watch
35:37 Wheelbarrow
RománMás3
5:56 Loom
13:28 Feudal Age
17:43 Castle Age
19:14 Medium Warships
19:46 Forging
19:55 Double-Bit Axe
23:58 Fletching
26:02 Bow Saw
26:26 Bodkin Arrow
28:36 Fishing Lines
29:02 Horse Collar
33:50 Gillnets
34:45 Sanctity
Ux'La Diabla
5:20 Loom
12:33 Feudal Age
14:03 Fletching
21:23 Castle Age
21:26 Horse Collar
21:37 Gold Mining
21:29 Crossbowman
22:19 Bodkin Arrow
23:04 Double-Bit Axe
23:56 Padded Archer Armor
25:09 Bow Saw
29:44 Ballistics
30:18 Leather Archer Armor
31:35 Heavy Plow
33:06 Wheelbarrow
33:24 Town Watch
[DH]TLACUACHE
8:01 Loom
13:26 Feudal Age
18:29 Castle Age
16:50 Double-Bit Axe
19:35 Bow Saw
22:54 Town Watch
25:43 Scale Barding Armor
26:39 Horse Collar
28:16 Chain Barding Armor
31:38 Husbandry
32:14 Wheelbarrow
37:55 Imperial Age
36:30 Hand Cart
Ancalagon14
13:09 Feudal Age
14:06 Loom
14:10 Double-Bit Axe
18:10 Castle Age
17:11 Horse Collar
17:24 Fletching
19:38 Bodkin Arrow
20:50 Bow Saw
24:05 Padded Archer Armor
23:57 Town Watch
27:46 Leather Archer Armor
28:33 Wheelbarrow
30:20 Ballistics
33:57 Scale Barding Armor
38:48 Imperial Age
noru
8:41 Loom
10:02 Loom
12:08 Feudal Age
12:47 Double-Bit Axe
14:22 Gold Mining
20:39 Castle Age
19:37 Forging
21:43 Medium Warships
22:12 Iron Casting
21:55 Bow Saw
22:00 Fletching
22:28 Fletching
23:39 Town Watch
23:57 Bodkin Arrow
26:15 Town Watch
27:07 Wheelbarrow
27:03 Ballistics
28:40 Padded Archer Armor
31:10 Guard Tower
31:13 Horse Collar
32:09 Gold Shaft Mining
32:02 Heavy Plow
31:52 Stone Mining
32:27 Scale Mail Armor
33:02 Stone Mining
35:00 Hand Cart
35:14 Leather Archer Armor
38:53 Imperial Age
36:57 Squires
Connection lost

Rejoining the realm…

Still unreachable

The connection could not be restored.

Session expired

The server has moved on; the page needs a fresh start.